AoeStats
← Sr.Piquete

Arena

509010686Analyzed
1v1 RM · 6d ago on Sep 25, 2026· 35m 35s· 2 players
Game mode
Random Map
Map size
Tiny (2 player)
Population
200
Speed
Normal
Resources
Standard
Victory
Conquest
Starting age
Dark Age
Ending age
Imperial Age
RankedLock teamsTeams togetherTeam positionsShared explorationLock speedFull tech treeHidden civsTurbo modeCheats
Victory
Defeat
🇨🇱 Varangians · Chile
1176
+17
🇨🇱 Varangians · Chile
1199
-17
Denver20
7:08 Loom
8:54 Feudal Age
9:25 Double-Bit Axe
12:21 Wheelbarrow
16:55 Castle Age
17:34 Fletching
21:12 Horse Collar
24:16 Bloodlines
27:10 Bodkin Arrow
28:37 Ballistics
33:43 Imperial Age
31:19 Husbandry
31:21 Padded Archer Armor
32:11 Masonry
33:13 Bow Saw
35:23 Bracer
35:52 Conscription
36:08 Conscription
Sr.Piquete
8:10 Loom
10:34 Feudal Age
8:51 Loom
10:10 Loom
11:33 Double-Bit Axe
15:29 Castle Age
13:33 Horse Collar
19:26 Bow Saw
24:01 Heavy Plow
28:25 Imperial Age
27:47 Forging
28:53 Pikeman
34:39 Murder Holes
Connection lost

Rejoining the realm…

Still unreachable

The connection could not be restored.

Session expired

The server has moved on; the page needs a fresh start.